[Event "*** MasterClass Titled Tuesday Blitz"]
[Site "Chess.com"]
[Date "2017.09.05"]
[Round "5"]
[White "Alexander_Moskalenko"]
[Black "JaimeSantosLatasa"]
[Result "1/2-1/2"]
[WhiteElo "2662"]
[BlackElo "2573"]
[TimeControl "180+2"]
[EndTime "14:15:27 PDT"]
[Termination "Game drawn - insufficient material"]

1. c4 e5 2. Nc3 Nc6 3. g3 Bc5 4. Bg2 d6 5. e3 a6 6. Nge2 Ba7 7. b3 h5 8. h3 h4 9. g4 f5 10. gxf5 Bxf5 11. Bb2 Nf6 12. d4 Qd7 13. Nd5 O-O-O 14. Nxf6 gxf6 15. Qd2 Rhg8 16. Bd5 Rh8 17. O-O-O Ne7 18. Bg2 Rdg8 19. Rdg1 Rxg2 20. Rxg2 Be4 21. Rgh2 Bxh1 22. Rxh1 Rg8 23. Rh2 Qf5 24. Bc3 Qf3 25.
Qd3 Nf5 26. Kc2 c6 27. dxe5 dxe5 28. e4 Qxd3+ 29. Kxd3 Rd8+ 30. Kc2 Nd6 31. f3 Rg8 32. Be1 f5 33. Kd3 Rd8 34. Kc2 fxe4 35. fxe4 Nxe4 36. Nc3 Ng3 37. Bxg3 hxg3 38. Rg2 Bf2 39. Ne4 Rh8 40. Nxg3 Rxh3 41. Ne4 Bd4 42. Rg7 Rh2+ 43. Kd3 Rh3+ 44. Kd2 Rh2+ 45. Kd3 Rh3+ 46. Kd2 Rh2+ 47. Ke1 Rxa2 48.
Nd6+ Kd8 49. Nxb7+ Ke8 50. Nd6+ Kf8 51. Rc7 c5 52.
Ne4 Rb2 53. Nxc5 Bxc5 54. Rxc5 Rxb3 55. Rxe5 Rc3 56. c5 Kf7 57. Kd2 Kf6 58. Rd5 Rh3 59. c6 Rh7 60. Rd6+ Ke5 61. Rd7 Rh6 62. Re7+ Kd6 63.
Ra7 Rh8 64. Rxa6 Rc8 65. Kd3 Rxc6 66. Rxc6+ Kxc6 1/2-1/2

[Event "*** MasterClass Titled Tuesday Blitz"]
[Site "Chess.com"]
[Date "2017.09.05"]
[Round "5"]
[White "ALeks_Ivlev"]
[Black "Sebastian"]
[Result "0-1"]
[WhiteElo "2440"]
[BlackElo "2820"]
[TimeControl "180+2"]
[EndTime "14:15:32 PDT"]
[Termination "Sebastian won by resignation"]

1. d4 d5 2. c4 e6 3. Nc3 Nf6 4. Bg5 Be7 5. cxd5 Nxd5 6. Bxe7 Qxe7 7. Nf3 O-O 8. e3 Nxc3 9. bxc3 c5 10. Bd3 b6 11. O-O Bb7 12. e4 Rd8 13. Qe2 Nc6 14.
Qe3 cxd4 15. cxd4 Nxd4 16. Nxd4 Qc5 17. Rad1 Rxd4 18. Qh3 Rad8 19. Rc1 Qa3 20. Bb5 Qxh3 21. gxh3 Bxe4 22. Rc7 R4d5 23. f3 Rg5+ 24. Kf2 Bxf3 25. Kxf3 Rxb5 26. Rd1 Rf8 27. Rxa7 Rb4 28. Rdd7 g5 29. a3 Rf4+ 30. Kg3 Rc8 31. Rd3 h5 32. Rb7 Rc2 33. h4 Rg4+ 34. Kf3 Rxh4 35. Rd8+ Kg7 36.
Rxb6 Rh3+ 37. Ke4 Rc4+ 38. Ke5 Rxa3 39. Rd1 Ra5+ 40. Kd6 Rd5+ 41. Rxd5 exd5 42. Kxd5 Rh4 43. Rb2 Kg6 44. Ke5 f6+ 45. Kd5 Rf4 46. Ke6 h4 47. Rb8 Re4+ 48. Kd5 Re2 49. h3 Re3 50. Kd4 Rxh3 51. Ke4 f5+ 52. Kd4 Rh1 53. Rh8 Re1 54.
Kd3 f4 55. Kd2 Re7 0-1

[Event "*** MasterClass Titled Tuesday Blitz"]
[Site "Chess.com"]
[Date "2017.09.05"]
[Round "5"]
[White "jk13"]
[Black "OparinGrigoriy"]
[Result "0-1"]
[WhiteElo "2422"]
[BlackElo "2613"]
[TimeControl "180+2"]
[EndTime "14:15:34 PDT"]
[Termination "OparinGrigoriy won by resignation"]

1. e4 c5 2. c3 Nf6 3. e5 Nd5 4.
Bc4 Nb6 5. Bb3 Nc6 6. Nf3 d5 7. exd6 Qxd6 8. O-O Be6 9. Bxe6 Qxe6 10. a4 Rd8 11. a5 Nd5 12. d4 cxd4 13. Nxd4 Nxd4 14.
Qxd4 a6 15. Rd1 Qf6 16. Qa7 Qc6 17. Be3 e6 18. Qd4 Qc7 19. Qa4+ Rd7 20. Bb6 Qc6 21. Qxc6 bxc6 22. Nd2 Be7 23. Nc4 f6 24. Kf1 Kf7 25. Ne3 Rb8 26. Nc4 Rbb7 27. g3 e5 28. Ke2 Ke6 29.
f3 g5 30. g4 Bd8 31. Be3 Rb5 32. Rd3 Rdb7 33. Ra2 Rb3 34. Bc1 Be7 35. Kd1 Nb4 36. cxb4 Rxd3+ 37. Ke2 Rd4 38. b3 Rxb4 39. Rb2 Rdxc4 40.
bxc4 Rxb2+ 41. Bxb2 Bb4 42. Kd3 f5 43. h3 Bxa5 44.
Ba3 Bd8 45. Bc5 a5 46. Ba3 a4 47. Kc3 Ba5+ 48. Kd3 Bd8 49. Kc3 fxg4 50. hxg4 Be7 51. Bc1 a3 52. Kb3 e4 53. fxe4 Ke5 54. Bxa3 Bxa3 55.
Kxa3 Kxe4 56. Kb4 Kd4 0-1

[Event "*** MasterClass Titled Tuesday Blitz"]
[Site "Chess.com"]
[Date "2017.09.05"]
[Round "5"]
[White "MartinMatthiesen"]
[Black "HanSchut"]
[Result "1/2-1/2"]
[WhiteElo "2308"]
[BlackElo "2323"]
[TimeControl "180+2"]
[EndTime "14:15:34 PDT"]
[Termination "Game drawn by agreement"]

1. d4 Nf6 2. c4 g6 3. Nc3 d5 4. cxd5 Nxd5 5. e4 Nxc3 6. bxc3 Bg7 7. Bc4 c5 8. Ne2 O-O 9. O-O Nc6 10. Be3 Bg4 11.
f3 Na5 12. Bd3 cxd4 13. cxd4 Be6 14. d5 Bxa1 15. Qxa1 f6 16. Kh1 Bd7 17. e5 Rc8 18. Nf4 Nc4 19. Bxc4 Rxc4 20. d6 Bb5 21. Ne6 Qe8 22.
Nxf8 Qxf8 23. Rd1 exd6 24. exf6 Be8 25. Bxa7 Bf7 26. Bd4 Qa8 27. a3 Qc8 28. h3 Rc2 29.
Be3 Qe6 30. Qd4 Rc6 31. Bf2 d5 32. Bh4 h6 33. Re1 Qd6 34. Re7 Rc4 35. Qf2 g5 36.
Bg3 Qxf6 37. Rxb7 Rc1+ 38. Kh2 d4 39. Rb8+ Kh7 40. Qe2 h5 41. Be5 Qf5 42. Rf8 Kg6 43. g4 Qc2 44. gxh5+ Kxh5 45. Qxc2 Rxc2+ 46. Kg3 Bd5 47.
Bxd4 Rd2 48. Be5 1/2-1/2

[Event "*** MasterClass Titled Tuesday Blitz"]
[Site "Chess.com"]
[Date "2017.09.05"]
[Round "5"]
[White "PowerThinking2650"]
[Black "Vamostodorecto"]
[Result "0-1"]
[WhiteElo "2206"]
[BlackElo "2342"]
[TimeControl "180+2"]
[EndTime "14:15:38 PDT"]
[Termination "Vamostodorecto won by checkmate"]

1. e4 g6 2. d4 Bg7 3. Nc3 a6 4. f4 b5 5. Nf3 Bb7 6. Bd3 d6 7. O-O Nd7 8. e5 c5 9. exd6 exd6 10. Ne4 Qb6 11. dxc5 dxc5 12. Be3 Ne7 13. b4 Qe6 14. Nfg5 Qc6 15. Be2 O-O 16. Bf3 Qc7 17. bxc5 h6 18. Nh3 Nf5 19. Bf2 Rad8 20. Qe2 Nd4 21. Bxd4 Bxd4+ 22.
Kh1 Rfe8 23. Rad1 Bxe4 24. Rxd4 Bf5 25. Qd2 Bxh3 26. gxh3 Nxc5 27. f5 Rxd4 28. Qxd4 Qe5 29. Qh4 Qxf5 30. Qxh6 Qf6 31. Bg2 Qg7 32. Qg5 Ne6 33.
Qd5 Qd4 34. Qc6 Rf8 35. Qxa6 b4 36. Qb7 Kg7 37. Bd5 Qe5 38. Bg2 Nf4 39. Qxb4 g5 40. c3 Qe2 41. Qd4+ f6 42. Rb1 Qxg2# 0-1

[Event "*** MasterClass Titled Tuesday Blitz"]
[Site "Chess.com"]
[Date "2017.09.05"]
[Round "5"]
[White "jcibarra"]
[Black "johnathan113"]
[Result "1-0"]
[WhiteElo "2690"]
[BlackElo "2521"]
[TimeControl "180+2"]
[EndTime "14:15:41 PDT"]
[Termination "jcibarra won by resignation"]

1. e4 c5 2. Nf3 g6 3. d4 cxd4 4. Qxd4 Nf6 5. Nc3 Nc6 6. Qa4 Ng4 7. h3 Nge5 8. Nxe5 Nxe5 9. Be3 Bg7 10. O-O-O O-O 11.
Be2 d6 12. h4 Ng4 13. Bxg4 Bxg4 14. f3 Bd7 15. Qb3 b5 16. h5 a5 17. hxg6 hxg6 18.
Nd5 a4 19. Qb4 Rc8 20. Bb6 Qe8 21. Qd2 Be6 22. Bd4 f6 23. Kb1 Bf7 24. g4 g5 25.
Qh2 Bg6 26. a3 Rc4 27. c3 Qf7 28. Ka1 Rb8 29. Rhe1 Qe6 30. Ne3 Bf7 31. Nd5 b4 32. cxb4 Rbc8 33. Bc3 Rxc3 34. bxc3 Qd7 35. Nb6 Qc7 36.
Nxc8 f5 37. Nxe7+ Kf8 38. e5 Qxe7 39. Rxd6 f4 40. Qd2 Bxe5 41. Rc6 Qe8 42. Rc5 1-0

[Event "*** MasterClass Titled Tuesday Blitz"]
[Site "Chess.com"]
[Date "2017.09.05"]
[Round "5"]
[White "Blitzstream"]
[Black "iusegine"]
[Result "0-1"]
[WhiteElo "2477"]
[BlackElo "2395"]
[TimeControl "180+2"]
[EndTime "14:15:41 PDT"]
[Termination "iusegine won by resignation"]

1. g4 e5 2. Bg2 Ne7 3. c4 Ng6 4.
e3 Nh4 5. Be4 c6 6. Nc3 d6 7. d4 Be7 8. h3 h5 9. gxh5 f5 10. Bd3 Nd7 11. Kd2 Nf6 12. Kc2 a6 13. Be2 e4 14. f3 b5 15. fxe4 fxe4 16. b3 bxc4 17. bxc4 Qa5 18. Rb1 Qg5 19. Bd2 Qg2 20. Qe1 Nf5 21. Nf3 exf3 22. Bd3 f2 23. Qf1 Qg3 24. Qe2 Rxh5 25. Rbf1 Rxh3 26. Rxh3 Qxh3 27. Rxf2 Ng4 28. Rf3 Qh5 29. Qf2 Nxf2 30. Rxf2 g6 31. Be4 Bd7 32. Rf1 Qh8 33. Rh1 Qg7 34. Rg1 Qf7 35.
Bd3 d5 36. c5 Bf6 37. Rf1 Qg7 38. Ne2 Ke7 39. Bc3 a5 40. Nf4 Nxe3+ 0-1

[Event "*** MasterClass Titled Tuesday Blitz"]
[Site "Chess.com"]
[Date "2017.09.05"]
[Round "5"]
[White "Grebeniuk-S"]
[Black "hypert"]
[Result "1-0"]
[WhiteElo "2392"]
[BlackElo "2311"]
[TimeControl "180+2"]
[EndTime "14:15:44 PDT"]
[Termination "Grebeniuk-S won on time"]

1. d4 Nf6 2. Nf3 e6 3. e3 c5 4. Bd3 b6 5. O-O Bb7 6. Nbd2 d6 7. b3 Nbd7 8. Bb2 Qc7 9. Qe2 Be7 10. c4 O-O 11.
Rac1 e5 12. dxe5 Nxe5 13. Rfd1 Nxd3 14. Qxd3 Rad8 15. e4 Rfe8 16. Re1 Ng4 17. Qc2 Bf6 18. Bxf6 Nxf6 19. Re3 Ng4 20. Re2 f5 21. Rce1 fxe4 22. Nxe4 Bxe4 23. Rxe4 Rxe4 24. Qxe4 Nf6 25. Qf5 Qd7 26.
Qg5 d5 27. Ne5 Qc7 28. cxd5 Rxd5 29. f4 Qd6 30. h3 Rd1 31. Rxd1 Qxd1+ 32. Kh2 Qc2 33.
Nf3 Qxa2 34. Qe5 Qxb3 35. Ng5 1-0

[Event "*** MasterClass Titled Tuesday Blitz"]
[Site "Chess.com"]
[Date "2017.09.05"]
[Round "5"]
[White "gmcorrales"]
[Black "danyuffa"]
[Result "1/2-1/2"]
[WhiteElo "2676"]
[BlackElo "2576"]
[TimeControl "180+2"]
[EndTime "14:15:48 PDT"]
[Termination "Game drawn by agreement"]

1. e4 c6 2. d4 d5 3. e5 c5 4.
dxc5 Nc6 5. f4 Bf5 6. Nf3 e6 7. Be3 Nh6 8. h3 Be4 9. Nbd2 Nf5 10. Bf2 Bxf3 11. Nxf3 Qa5+ 12. Qd2 Bxc5 13. Qxa5 Bxf2+ 14. Kxf2 Nxa5 15. g4 Ne7 16. Bb5+ Nac6 17. c4 dxc4 18. Rac1 a6 19. Bxc4 h6 20. Rhd1 Rd8 21. Ke3 Nb4 22. Ke4 Nbd5 23. f5 h5 24. fxe6 fxe6 25. Nd4 Kd7 26. Nf5 hxg4 27. Nxe7 Kxe7 28. hxg4 Rh4 29. Bxd5 exd5+ 30. Kf5 Rh2 31. Rc7+ Rd7 32. Rxd7+ Kxd7 33. Rxd5+ Ke8 34. e6 Rxb2 35. Rd7 Rb5+ 36. Kg6 Rb6 37. Kxg7 Rxe6 38. Rxb7 Re2 39. g5 Rxa2 40. g6 a5 41. Rb5 a4 42. Re5+ Kd7 43. Kf6 a3 44. g7 Rf2+ 45. Rf5 Rxf5+ 46. Kxf5 a2 47. g8=Q a1=Q 48.
Qd5+ Kc7 49. Qc5+ Kb8 50. Qb6+ Ka8 1/2-1/2

[Event "*** MasterClass Titled Tuesday Blitz"]
[Site "Chess.com"]
[Date "2017.09.05"]
[Round "5"]
[White "sergiochess83"]
[Black "K_A_S_T_O_R"]
[Result "1-0"]
[WhiteElo "2769"]
[BlackElo "2612"]
[TimeControl "180+2"]
[EndTime "14:15:49 PDT"]
[Termination "sergiochess83 won by resignation"]

1. e4 c5 2. Nf3 d6 3. d4 cxd4 4. Nxd4 Nf6 5. Nc3 a6 6. Be3 e5 7.
Nf3 h6 8. Bc4 Be7 9. O-O O-O 10.
a4 Be6 11. Qe2 Qc7 12. Nd2 Nbd7 13. h3 Rac8 14. Bb3 Qc6 15. Rfd1 Rfd8 16. Rac1 Nf8 17. Qf3 b5 18. axb5 axb5 19. Nd5 Bxd5 20. exd5 Qd7 21.
c3 Ra8 22. Bc2 N6h7 23. Bf5 Qb7 24. Bc2 Bg5 25. Bxg5 Nxg5 26. Qg3 Qxd5 27. h4 Nge6 28. Be4 Qa2 29. Bxa8 Qxa8 30. Ra1 Qc6 31. Ra7 Nf4 32. Qf3 Qc5 33. Rda1 d5 34. g3 N4e6 35. Qxf7+ Kh8 36. Nf3 d4 37. Qf5 dxc3 38. bxc3 Qxc3 39. Nxe5 Kg8 40. Ng6 Nxg6 41. Qxe6+ Kh7 42. h5 Ne5 43. Qf5+ Kh8 44.
Ra8 Nc6 45. Rxd8+ Nxd8 46. Ra8 Qe1+ 47. Kg2 1-0

[Event "*** MasterClass Titled Tuesday Blitz"]
[Site "Chess.com"]
[Date "2017.09.05"]
[Round "5"]
[White "goingin33"]
[Black "chessking2151"]
[Result "0-1"]
[WhiteElo "2268"]
[BlackElo "2341"]
[TimeControl "180+2"]
[EndTime "14:15:51 PDT"]
[Termination "chessking2151 won on time"]

1. e4 e5 2. Nf3 Nc6 3. Bc4 Nf6 4. d3 Be7 5. c3 O-O 6. Bb3 d6 7. Nbd2 Be6 8. Bc2 d5 9. h3 b5 10. O-O h6 11. Re1 dxe4 12. dxe4 Qc8 13. Qe2 Qb7 14. a4 a6 15. axb5 axb5 16. Rxa8 Rxa8 17. Bb3 Bxb3 18. Nxb3 Rd8 19. Nh4 b4 20. Nd2 bxc3 21.
bxc3 Bc5 22. Nf5 Ne7 23. Nxe7+ Bxe7 24. Nc4 Qb5 25. Ne3 Qxe2 26. Rxe2 Nxe4 27. Nf5 Rd1+ 28. Kh2 Bc5 29. Bxh6 Nxc3 30. Rxe5 Bd6 31. Nxd6 cxd6 32. Re8+ Kh7 33. Be3 Nd5 34. Rd8 Nf6 35. g4 Kg6 36.
Bf4 d5 37. Rd6 Rd3 38. g5 Rf3 39. Be3 d4 40. Rxd4 Nh7 41. Rd6+ Kh5 42. Kg2 Rf5 0-1

[Event "*** MasterClass Titled Tuesday Blitz"]
[Site "Chess.com"]
[Date "2017.09.05"]
[Round "5"]
[White "PrinceMurad09"]
[Black "AllStarShark"]
[Result "1-0"]
[WhiteElo "2355"]
[BlackElo "2317"]
[TimeControl "180+2"]
[EndTime "14:15:52 PDT"]
[Termination "PrinceMurad09 won by checkmate"]

1. e4 c5 2. Nf3 g6 3. d4 cxd4 4. Qxd4 Nf6 5. Nc3 Nc6 6. Qa4 d6 7. e5 dxe5 8. Nxe5 Bd7 9. Nxd7 Qxd7 10. Be3 Bg7 11. Rd1 Qc7 12. Be2 O-O 13. O-O a6 14.
Qh4 Rad8 15. Bf3 Rxd1 16. Rxd1 Rd8 17. Qc4 Rxd1+ 18. Nxd1 Qd7 19. Be2 Qd5 20. c3 Qxc4 21.
Bxc4 b5 22. Be2 Nd5 23. Bc5 e6 24. a4 bxa4 25. Bxa6 a3 26. Bxa3 f5 27. Kf1 Kf7 28. Bb7 Nce7 29. Ke2 Ke8 30. Ne3 Nxe3 31. Kxe3 Kd7 32.
Kd3 e5 33. f3 Ke6 34. c4 g5 35. b4 h5 36. b5 g4 37. b6 h4 38. fxg4 fxg4 39.
Ke4 h3 40. gxh3 gxh3 41. Bxe7 Kxe7 42. Bc8 Kd8 43. Bxh3 Bh6 44. Kxe5 Be3 45. b7 Kc7 46. Bg2 Ba7 47. h4 Bb8 48. Kf6 Kb6 49. h5 Kc5 50.
Bd5 Kd4 51. h6 Kc5 52. Kf7 Kd6 53. h7 Kd7 54. h8=Q Bc7 55. Qc8+ Kd6 56. Qe6+ Kc5 57.
Qc6+ Kb4 58. Qxc7 Kc3 59. b8=Q Kd2 60. Qf4+ Kd1 61. Qb1+ Ke2 62. Qc2+ Ke1 63. Qff2# 1-0

[Event "*** MasterClass Titled Tuesday Blitz"]
[Site "Chess.com"]
[Date "2017.09.05"]
[Round "5"]
[White "Art10ECHR"]
[Black "WeiYi1999"]
[Result "0-1"]
[WhiteElo "2229"]
[BlackElo "2138"]
[TimeControl "180+2"]
[EndTime "14:15:55 PDT"]
[Termination "WeiYi1999 won on time"]

1. e4 d5 2. exd5 Nf6 3. c4 c6 4. Nc3 cxd5 5. cxd5 Nxd5 6. Nf3 g6 7. Bc4 Nb6 8. Bb3 Nc6 9. a4 Bg7 10. a5 Nd7 11.
Bxf7+ Kf8 12. Ng5 Nde5 13. Ne6+ Bxe6 14. Bxe6 Nd3+ 15. Kf1 Ke8 16. Qb3 Qd4 17. Nd1 Rf8 18.
f3 Rd8 19. Bc4 Nxc1 20. Rxc1 Qxd2 21. Rb1 a6 22. Nc3 Nxa5 23. Qa4+ Nc6 24. Ne4 Qe3 25. Qc2 Nd4 26. Qf2 Nf5 27. Re1 Qxf2+ 28. Kxf2 Bxb2 29.
Ke2 b5 30. Ba2 a5 31. Rb1 Be5 32. h4 Nd4+ 33. Kf2 a4 34. Rhc1 e6 35. Rc5 Rf5 36. Rc3 Bd6 37. Ke3 Be7 38. Rbc1 b4 39. Rc7 b3 40. Bb1 a3 41. Ra7 Nb5 42. Ra6 Rfd5 43. g3 a2 44. Bxa2 bxa2 45. Rxa2 Rd3+ 46. Kf4 Nd4 47. Rf2 Rxf3+ 48. Rxf3 Ne2+ 49. Ke3 Nxc1 50. Rf1 Rd3+ 51. Kf4 Nb3 52. Rb1 Kd7 53. h5 Bd6+ 0-1

[Event "*** MasterClass Titled Tuesday Blitz"]
[Site "Chess.com"]
[Date "2017.09.05"]
[Round "5"]
[White "Kirill_Klukin"]
[Black "RitvarsReimanis"]
[Result "0-1"]
[WhiteElo "2504"]
[BlackElo "2474"]
[TimeControl "180+2"]
[EndTime "14:15:58 PDT"]
[Termination "RitvarsReimanis won by resignation"]

1. d4 Nf6 2. Nf3 e6 3. g3 d5 4. Bg2 Be7 5. O-O O-O 6. Nbd2 c5 7. dxc5 Bxc5 8. b3 Nc6 9. Bb2 b5 10. e3 Qe7 11. Qe2 b4 12. Rfd1 a5 13. e4 Ba6 14. Qe1 Ng4 15. exd5 Bxf2+ 16. Qxf2 Nxf2 17. Kxf2 Qc5+ 18. Nd4 Nxd4 19. Ne4 Qxc2+ 20. Rd2 Qxd2+ 21. Nxd2 e5 22. Rc1 Rac8 23. Nc4 Bxc4 24. bxc4 Rc5 25. Ke3 Nf5+ 26. Kd3 f6 27. Rc2 Rfc8 28. Bh3 g6 29. Bc1 Kf8 30. Bxf5 gxf5 31. Be3 e4+ 32. Kd4 Ke7 33.
g4 fxg4 34. Bf4 a4 35. Bc1 b3 36. axb3 axb3 37. Rc3 Kd7 38. Ba3 Ra5 39. Rxb3 Ra4 40. Rb7+ Rc7 41. Rxc7+ Kxc7 42. Be7 f5 43. Bf6 e3 44.
Be5+ Kd7 45. Kxe3 Rxc4 46. Kd3 Ra4 47. Ke3 Re4+ 0-1

[Event "*** MasterClass Titled Tuesday Blitz"]
[Site "Chess.com"]
[Date "2017.09.05"]
[Round "5"]
[White "TigranLPetrosyan"]
[Black "Alex_Molchanov"]
[Result "1-0"]
[WhiteElo "2727"]
[BlackElo "2502"]
[TimeControl "180+2"]
[EndTime "14:16:07 PDT"]
[Termination "TigranLPetrosyan won by checkmate"]

1. d4 Nf6 2. Nf3 e6 3. Bf4 c5 4.
e3 b6 5. Be2 Be7 6. O-O O-O 7. h3 Ba6 8. c4 d5 9. Nbd2 Nc6 10.
Rc1 cxd4 11. exd4 Rc8 12. a3 dxc4 13. Nxc4 Nd5 14. Bg3 Bxc4 15. Rxc4 Bf6 16. Qa4 Na5 17. Rxc8 Qxc8 18. Ne5 Bxe5 19. dxe5 Rd8 20. Qe4 Nc6 21.
Rc1 Qb7 22. Bd3 g6 23. Bh4 Rc8 24. Rd1 Nce7 25. g4 Qc7 26. Bg5 Qc5 27. Bh6 Nc6 28. Rc1 Qe7 29. Bb5 Qb7 30. Re1 Nce7 31. Qf3 Qc7 32. Bd3 Qb7 33. Be4 Qc7 34. Bd3 Qb7 35. Re2 Qc7 36. Ba6 Rd8 37. Bd3 Rc8 38. Kg2 Qb7 39. Be4 Qc7 40. Bb1 Rd8 41. Rc2 Qb7 42.
Ba2 Rc8 43. Rd2 Rd8 44. Rd4 Qc6 45. Bb1 Qc5 46. Rd3 Qc6 47. Kh2 Qc7 48. Qe4 Nf6 49. Rxd8+ Qxd8 50. exf6 Nd5 51. Qe5 Nxf6 52. Bg5 Qd1 53.
Bxf6 Qxb1 54. Qb8# 1-0

[Event "*** MasterClass Titled Tuesday Blitz"]
[Site "Chess.com"]
[Date "2017.09.05"]
[Round "5"]
[White "popov_m"]
[Black "Indianlad"]
[Result "1-0"]
[WhiteElo "2434"]
[BlackElo "2616"]
[TimeControl "180+2"]
[EndTime "14:16:15 PDT"]
[Termination "popov_m won by resignation"]

1. d4 d5 2. Bf4 c5 3. e3 Nc6 4.
Nf3 cxd4 5. exd4 Bg4 6. c3 e6 7.
Nbd2 Bd6 8. Bxd6 Qxd6 9. Be2 Nge7 10. h3 Bh5 11. O-O O-O 12. Re1 Rab8 13. a4 a6 14. Nb3 Rfc8 15. Nc5 Qc7 16. Ne5 Bxe2 17. Qxe2 Nxe5 18.
Qxe5 Qxe5 19. Rxe5 Nf5 20. Nd7 Nd6 21. Nxb8 Rxb8 22.
b3 Rc8 23. Re3 Kf8 24. Rc1 Ke7 25. f3 h5 26. Kf2 Nf5 27. Rd3 h4 28. c4 Kf6 29. Rcc3 dxc4 30. bxc4 Rd8 31. Rb3 Nxd4 32. Rxb7 e5 33. Rb6+ Kf5 34. Rxa6 Rb8 35. Rd2 Rb3 36. Ra7 Ke6 37. a5 g5 38. a6 Ra3 39. Ra8 Kf5 40.
c5 Kf4 41. Rb2 g4 42. hxg4 h3 43. g3+ Kg5 44. a7 Rxf3+ 45. Kg1 Rxg3+ 46. Kh1 Nf3 47.
Rg8+ Kh6 48. Rb1 h2 49. Rh8+ Kg5 50. Rxh2 Nxh2 51. a8=Q Nf3 52. Qe4 Kh4 53. g5+ Kh3 54. Qf5+ Kh4 55. Rb4+ Kh5 56. Qxf7+ Kxg5 57. Qg7+ 1-0

[Event "*** MasterClass Titled Tuesday Blitz"]
[Site "Chess.com"]
[Date "2017.09.05"]
[Round "5"]
[White "GMKrikor"]
[Black "Noukii"]
[Result "1-0"]
[WhiteElo "2588"]
[BlackElo "2651"]
[TimeControl "180+2"]
[EndTime "14:16:23 PDT"]
[Termination "GMKrikor won by resignation"]

1. e4 e5 2. Nf3 Nc6 3. Bb5 a6 4. Ba4 Nf6 5. O-O Be7 6. Re1 b5 7. Bb3 O-O 8. a4 b4 9. a5 d6 10.
d3 h6 11. Nbd2 Be6 12. Bc4 Qc8 13. b3 Re8 14. Bb2 Bf8 15. Nf1 Rb8 16. Ne3 Na7 17.
Qd2 c5 18. Nh4 Nb5 19. Rf1 Qd8 20. g3 d5 21. exd5 Bxd5 22. Nxd5 Nxd5 23. Rae1 Nd4 24. f4 Nxf4 25. gxf4 Qxh4 26. fxe5 Ne6 27. Qf2 Qxf2+ 28.
Rxf2 Ra8 29. Ref1 Ra7 30. Kg2 h5 31. h3 g6 32. Rf6 Bg7 33. R6f3 Ree7 34. Rxf7 Rxf7 35.
Bxe6 Bf8 36. Rf4 Bh6 37. Rf6 Kg7 38. Bxf7 Rxf7 39. Rxf7+ Kxf7 40. Kf3 Ke6 41. Ke4 Bg5 42. c3 bxc3 43. Bxc3 Be7 44. b4 cxb4 45. Bb2 g5 46. d4 g4 47. hxg4 hxg4 48. d5+ Kd7 49. Kf4 b3 50.
Kxg4 Bb4 51. Kf5 Bxa5 52. Ba3 Bd8 53. e6+ Ke8 54. d6 Be7 55. dxe7 a5 56. Ke5 a4 57.
Kd5 b2 58. Bxb2 Kxe7 59. Ba3+ Ke8 60. Kd6 Kd8 61. e7+ Ke8 62. Bb4 a3 63. Bxa3 1-0

[Event "*** MasterClass Titled Tuesday Blitz"]
[Site "Chess.com"]
[Date "2017.09.05"]
[Round "5"]
[White "VladDobrov"]
[Black "nonscitis"]
[Result "1/2-1/2"]
[WhiteElo "2620"]
[BlackElo "2424"]
[TimeControl "180+2"]
[EndTime "14:16:27 PDT"]
[Termination "Game drawn - insufficient material"]

1. d4 Nf6 2. c4 e6 3. Nf3 Bb4+ 4. Nbd2 O-O 5. a3 Bxd2+ 6. Qxd2 b6 7. e3 Bb7 8. Be2 d6 9. O-O Nbd7 10. b4 Ne4 11.
Qe1 Ng5 12. Nxg5 Qxg5 13. f3 f5 14. a4 a5 15. bxa5 Rxa5 16. Bd2 Ra7 17. h4 Qf6 18. Bc3 Rfa8 19. a5 bxa5 20. Rxa5 Rxa5 21. Bxa5 f4 22. Bxc7 fxe3 23. Qc3 e5 24. c5 exd4 25. Qb3+ Kh8 26. Qxb7 Ra2 27. Qc8+ Nf8 28. Bc4 d3 29. Bxa2 e2 30.
Re1 Qd4+ 31. Kh2 Qxh4+ 32. Qh3 Qxe1 33. Bxd6 Qf2 34. Bg3 e1=Q 35. Bxf2 Qxf2 36. Bb3 Qxc5 37. f4 Qd6 38. Qf3 d2 39. Bc2 g5 40. g3 gxf4 41. gxf4 Ng6 42. Kg3 Nxf4 43. Qc3+ Kg8 44. Bb3+ Nd5+ 45. Kf3 Qf6+ 46. Qxf6 d1=Q+ 47. Ke4 Qxb3 48. Qg5+ Kf7 49. Qxd5+ Qxd5+ 50. Kxd5 Kf6 51. Ke4 Kg5 52.
Kf3 Kh4 53. Kg2 Kg4 54. Kh2 h5 55. Kg2 h4 56. Kh2 h3 57. Kg1 Kf3 58. Kh1 Kf2 59.
Kh2 Kf1 60. Kh1 h2 61. Kxh2 1/2-1/2

[Event "*** MasterClass Titled Tuesday Blitz"]
[Site "Chess.com"]
[Date "2017.09.05"]
[Round "5"]
[White "TomsKantans"]
[Black "belisarius64"]
[Result "0-1"]
[WhiteElo "2413"]
[BlackElo "2332"]
[TimeControl "180+2"]
[EndTime "14:16:32 PDT"]
[Termination "belisarius64 won on time"]

1. e4 c5 2. Nf3 e6 3. d4 cxd4 4.
Nxd4 Nc6 5. Nc3 Qc7 6. Be3 a6 7. Qf3 Bd6 8. O-O-O Be5 9. g3 Nge7 10. Qe2 b5 11. f4 Bxd4 12. Bxd4 Nxd4 13. Rxd4 Bb7 14. Bg2 O-O 15. Rhd1 Rfd8 16. a3 Rac8 17. Qd2 d5 18.
exd5 exd5 19. Rd3 Qc5 20. Kb1 a5 21. Qe3 d4 22. Rxd4 Rxd4 23. Rxd4 Qb6 24. Qxe7 Bxg2 25.
Nxb5 Bc6 26. Nd6 Qxd4 27. Nxc8 Qd1+ 28. Ka2 Bd5+ 29. b3 Qxc2+ 30. Ka1 Qxc8 31. Kb2 h6 32. Qe5 Qb7 33. Qc3 Qb6 34. Qd3 Qf2+ 35. Kc3 Be6 36. Qd8+ Kh7 37. Qxa5 Qxh2 38. Qb5 Qxg3+ 39. Kb2 Qxf4 40.
a4 Qd2+ 41. Ka3 Qd6+ 42. Kb2 g5 43. a5 Bd5 44. a6 g4 45. Qd3+ Kg8 46. a7 Qf6+ 47.
Kc1 Qf4+ 48. Kb2 Qf2+ 49. Kb1 Qxa7 50. Qxd5 Qg1+ 51. Kb2 Qf2+ 52. Ka3 g3 53. Qd7 g2 54. Qg4+ Kh7 55. Qe4+ Kg7 56. Qg4+ Kf6 0-1

[Event "*** MasterClass Titled Tuesday Blitz"]
[Site "Chess.com"]
[Date "2017.09.05"]
[Round "5"]
[White "XDPS"]
[Black "MITerryble"]
[Result "1-0"]
[WhiteElo "2574"]
[BlackElo "2685"]
[TimeControl "180+2"]
[EndTime "14:16:33 PDT"]
[Termination "XDPS won by resignation"]

1. d4 e6 2. Nf3 Nf6 3. Bf4 b6 4.
e3 Bd6 5. Bg3 Bb7 6. Nbd2 O-O 7.
Bd3 Qe7 8. e4 Bxg3 9. hxg3 h6 10. e5 Nd5 11. c3 d6 12. Qe2 Nd7 13. a3 dxe5 14. dxe5 Nc5 15. c4 Nxd3+ 16. Qxd3 Ba6 17.
Qc2 c5 18. cxd5 exd5 19. g4 f6 20. Rh5 Rae8 21. O-O-O d4 22. Rdh1 fxe5 23. Rxe5 Qf7 24. Ng5 d3 25. Nxf7 dxc2 26. Rxe8 Rxe8 27. Nd6 Re2 28. N6e4 Bd3 29. f3 Rxg2 30. b3 Kf7 31. Re1 Be2 32. Kxc2 g6 33. Kc1 h5 34. gxh5 gxh5 35.
Rh1 Kg6 36. Nc3 Bd3 37. Nd5 Kg5 38.
Rxh5+ Kxh5 39. Nf4+ Kh4 40. Nxg2+ Kg3 41. Ne3 b5 42.
Nd5 a5 43. Kb2 b4 44. a4 Kf2 45. Ne4+ Kxf3 46. Nxc5 Bh7 47. Nf6 Bg6 48. Nb7 Ke3 49. Nxa5 Kd4 50. Nc6+ Kc5 51. Ne5 Bf5 52. Nc4 Be6 53.
Ne4+ Kd4 54. Ned2 Bc8 55. Nf3+ Kd3 56. Nfe5+ Kd4 57. Nc6+ Kc5 58. N6e5 Kd4 59. a5 Ba6 60. Kc2 Bb5 61. Kd2 Ba6 62. Nf3+ Ke4 63. Nfe5 Kd4 64. Nd3 1-0

[Event "*** MasterClass Titled Tuesday Blitz"]
[Site "Chess.com"]
[Date "2017.09.05"]
[Round "5"]
[White "Saitama_Hero"]
[Black "abubakrtagelsir"]
[Result "1-0"]
[WhiteElo "2335"]
[BlackElo "2207"]
[TimeControl "180+2"]
[EndTime "14:16:34 PDT"]
[Termination "Saitama_Hero won by resignation"]

1. d4 d5 2. c4 c6 3. cxd5 cxd5 4. Nc3 Nf6 5. f3 Nc6 6. e4 e6 7. e5 Nd7 8. f4 f5 9. Nf3 Be7 10. Be3 O-O 11. Rc1 Qe8 12. a3 a6 13. Be2 Na5 14.
b4 Nc4 15. Bxc4 dxc4 16. d5 Qg6 17. dxe6 Qxe6 18. Qd5 Nb8 19. Nd4 Qxd5 20. Nxd5 Bd8 21. e6 Re8 22. e7 Rxe7 23. Nxe7+ Bxe7 24. Rxc4 Nd7 25. Nxf5 Bf8 26. Kf2 Nf6 27. Nd4 b5 28. Rc7 Bd6 29. Rc6 Bb7 30. Rhc1 Re8 31. h3 Bxc6 32.
Rxc6 Ra8 33. Kf3 Bf8 34. Ne6 a5 35. Nxf8 axb4 36. axb4 Kxf8 37. Rb6 Ra3 38. Rxb5 Rb3 39. g4 Kf7 40. g5 Nd7 41. Rb7 Ke6 42. Ke4 Kd6 43. b5 Rb4+ 44. Kf5 Rb3 45. Bd4 g6+ 46.
Ke4 Rxh3 47. b6 Rb3 48. Ra7 Nxb6 49. Rb7 Kc6 50. Rxb6+ Rxb6 51. Bxb6 Kxb6 52. f5 gxf5+ 53. Kxf5 Kc6 54. Kf6 Kd5 55. Kg7 Ke6 56. Kxh7 1-0